 Dungeon Crawl Stone Soup version 0.29.1-12-g30fa7ad0bf (webtiles) character file.

Game seed: 3784459706883152380

4 H0rd4k the Charlatan (level 1, 0/13 HPs)
             Began as an Octopode Artificer on Dec 20, 2022.
             Slain by a kobold
             ... wielding a +0 short sword
              (3 damage)
             ... on level 1 of the Dungeon.
             The game lasted 00:00:23 (58 turns).

H0rd4k the Charlatan (Octopode Artificer)             Turns: 58, Time: 00:00:24

Health: 0/13       AC:  1    Str: 11    XL:     1   Next: 70%
Magic:  1/1        EV: 13    Int: 13    God:
Gold:   0          SH:  0    Dex: 12    Spells: 0/0 levels left

rFire   . . .      SeeInvis .   (no weapon)
rCold   . . .      Faith    .   (no shield)
rNeg    . . .      Spirit   .   (helmet restricted)
rPois   .          Reflect  .   (no amulet)
rElec   .          Harm     .   (no ring)
rCorr   .          Rampage  .   (no ring)
Will    .....                   (no ring)
Stlth   +++.......              (no ring)
HPRegen 0.04/turn               (no ring)
MPRegen 0.07/turn               (no ring)
                                (no ring)
                                (no ring)

@: no status effects
A: almost no armour, amphibious, 8 rings, camouflage 1, gelatinous body 1,
(nimble swimmer 1), tentacles
a: no special abilities


You were on level 1 of the Dungeon.
You visited 1 branch of the dungeon, and saw 1 of its levels.

Inventory:

Wands
 b - a wand of flame (15) (quivered)
 c - a wand of charming (15)
 d - a wand of iceblast (5)
Scrolls
 a - a scroll of poison {unknown}
 e - a scroll of identify {unknown}


   Skills:
 * Level 1.3 Fighting
 - Level 2.3 Dodging
 - Level 1.3 Stealth
 * Level 0.4 Spellcasting
 - Level 3.2 Evocations


You couldn't memorise any spells.
You didn't know any spells.
Your spell library was empty.

Dungeon Overview and Level Annotations

Branches:
Dungeon (1/15)

Altars:


Innate Abilities, Weirdness & Mutations

You cannot wear most types of armour.
You are amphibious.
You can wear up to eight rings at the same time.
Your skin changes colour to match your surroundings (Stealth+).
Your rubbery body absorbs attacks. (AC +1, EV +1)
((You are camouflaged when in or above water. (Stealth+)))
You have tentacles for arms and can constrict up to eight enemies at once.


Message History

The quokka barely misses you.
There are monsters nearby!
You barely miss the quokka.
The quokka is moderately wounded.
You constrict the quokka, but do no damage.
The frilled lizard hisses angrily.
You hear a shout!
The quokka bites you.
A kobold comes into view. It is wielding a +0 short sword.
The goblin shouts!
You tentacle-slap the quokka.
The quokka is heavily wounded.
You constrict the quokka. The quokka completely misses you.
You barely miss the quokka.
The quokka is severely wounded.
You constrict the quokka. The quokka bites you. The quokka closely misses you.
You tentacle-slap the quokka but do no damage.
The quokka is almost dead.
You constrict the quokka.
You kill the quokka!
You barely miss the frilled lizard. Your grab misses the frilled lizard.
The frilled lizard bites you.
You barely miss the frilled lizard. Your grab misses the frilled lizard.
The frilled lizard bites you.
You tentacle-slap the frilled lizard.
You kill the frilled lizard!
You tentacle-slap the goblin. You grab the goblin.
The goblin is severely wounded.
You constrict the goblin.
You kill the goblin!
You closely miss the kobold. Your grab misses the kobold.
The kobold misses you.
You barely miss the kobold. You grab the kobold.
You constrict the kobold, but do no damage.
The kobold hits you with a +0 short sword.
* * * LOW HITPOINT WARNING * * *
You tentacle-slap the kobold. Your squeeze misses the kobold.
The kobold is moderately wounded.
You constrict the kobold, but do no damage.
The kobold hits you with a +0 short sword.
You die...

##.###..#..#
#..........# .
#...........
...##....†......
#......K.....#
##.##..†g....?.
#.##.###.#....
#######.##K#........
#).......#@#.# .## .
####........#.#.# ..
#...............# .#
#..............># .#
#....######.....#
#†...# ##....#
##....##### #....#
###.........####...#
#...#.........##.#...


You could see a kobold.

Vanquished Creatures
  A goblin (D:1)
  A quokka (D:1)
  A bat (D:1)
  2 frilled lizards (D:1)
5 creatures vanquished.

Notes
Turn   | Place    | Note
-------+----------+-------------------------------------------
     0 | D:1      | H0rd4k the Octopode Artificer began the quest for the Orb.
     0 | D:1      | Reached XP level 1. HP: 13/13 MP: 1/1
    58 | D:1      | Slain by a kobold

Illustrated notes

Levels and vault maps discovered:
D:1:      moated_graveyard_arrival, layout_basic,
          shapermc_ecumenical_altar_petra

Action                   || total
-------------------------++-------
Melee: Unarmed           ||    16
       Constrict         ||     4
       Tentacles         ||     1
Dodge: Dodged            ||     9
